PAAA
ATHLETIC CLUB KC RESERVES @ TORTOLITA DRUMMERS
07/16/2023
 
TOP OF THE 1ST
Athletic Club KC Reserves batting - Pitching for Tortolita Drummers : RHP Michael Logan
Pitching: RHP Michael Logan
Batting: LHB Michael Landry 0-0: Foul Ball, location: 2F
0-1: SINGLE (Groundball, 56) (infield hit)
Batting: RHB Bill Dennis 0-0: Swinging Strike
0-1: Foul Ball, location: 2F
0-2: Ball
1-2: Foul Ball, location: 2F
1-2: Ball
2-2: Ball
3-2: Base on Balls
Michael Landry to second
Batting: LHB Matt Hartnett 0-0: Called Strike
0-1: Swinging Strike
0-2: Fly out, F7 (Flyball, 7M)
Batting: RHB Robert Hill 0-0: Ball
1-0: Swinging Strike
1-1: Ball
2-1: Foul Ball, location: 2F
2-2: Ball
3-2: Base on Balls
Michael Landry to third
Bill Dennis to second
Batting: RHB Glenn Woods 0-0: Swinging Strike
0-1: SINGLE (Groundball, 34D) (infield hit)
Michael Landry scores
Bill Dennis to third
Robert Hill to second
Batting: RHB Máximo Padilla 0-0: Ball
1-0: Ball
2-0: Called Strike
2-1: Foul Ball, location: 2F
2-2: SINGLE (Line Drive, 6D)
Bill Dennis scores
Robert Hill to third
Glenn Woods to second
Batting: RHB Karl Stevens 0-0: Foul Ball, location: 2F
0-1: SINGLE (Line Drive, 7S)
Robert Hill scores
Glenn Woods to third
Máximo Padilla to second
Batting: RHB Javier Díaz 0-0: Ball
1-0: Swinging Strike
1-1: Called Strike
1-2: Strikes out swinging
Batting: LHB Eduardo López 0-0: Swinging Strike
0-1: Ball
1-1: Ground out 6-3 (Groundball, 6)
Top of the 1st over - 3 run(s), 4 hit(s), 0 error(s), 3 left on base; Athletic Club KC 3 - Tortolita 0
BOTTOM OF THE 1ST
Tortolita Drummers batting - Pitching for Athletic Club KC Reserves : RHP Norris Howard
Pitching: RHP Norris Howard
Batting: SHB Will Brock 0-0: Foul Ball, location: 2F
0-1: Ball
1-1: Ball
2-1: Foul Ball, location: 2F
2-2: Ball
3-2: Base on Balls
Batting: RHB Jim Harris 0-0: Ball
1-0: Ball
2-0: Ball
3-0: Called Strike
3-1: Fly out, F8 (Line Drive, 8RM)
Batting: LHB Evan Nelson 0-0: Called Strike
0-1: Swinging Strike
0-2: Ball
1-2: Ball
2-2: Grounds into double play, 4-6-3 (Groundball, 4)
Bottom of the 1st over - 0 run(s), 0 hit(s), 0 error(s), 0 left on base; Athletic Club KC 3 - Tortolita 0
TOP OF THE 2ND
Athletic Club KC Reserves batting - Pitching for Tortolita Drummers : RHP Michael Logan
Batting: LHB Michael Landry 0-0: Ball
1-0: SINGLE (Groundball, 34D)
Batting: RHB Bill Dennis 0-0: Called Strike
0-1: Ball
1-1: Ball
2-1: SINGLE (Groundball, 6M)
Michael Landry to second
Runner from 2nd tries for 3rd, SAFE, no throw or cutoff
Batting: LHB Matt Hartnett 0-0: Foul Ball, location: 2F
0-1: Swinging Strike
0-2: Ball
1-2: Ball
2-2: Strikes out looking
Batting: RHB Robert Hill 0-0: Reached on error, E6 (Groundball, 56)
Michael Landry scores
Bill Dennis to second
Batting: RHB Glenn Woods 0-0: Ball
1-0: Ball
2-0: Called Strike
2-1: Grounds into double play, U4-3 (Groundball, 4)
Top of the 2nd over - 1 run(s), 2 hit(s), 1 error(s), 1 left on base; Athletic Club KC 4 - Tortolita 0
BOTTOM OF THE 2ND
Tortolita Drummers batting - Pitching for Athletic Club KC Reserves : RHP Norris Howard
Batting: LHB Keith Spear 0-0: Called Strike
0-1: Swinging Strike
0-2: Foul Ball, location: 2F
0-2: Ball
1-2: Strikes out swinging
Batting: SHB Dan Godwin 0-0: Ball
1-0: Ground out 3-1 (Groundball, 34)
Batting: LHB Adrián Franco 0-0: Ball
1-0: Ground out 1-3 (Groundball, 13S)
Bottom of the 2nd over - 0 run(s), 0 hit(s), 0 error(s), 0 left on base; Athletic Club KC 4 - Tortolita 0
TOP OF THE 3RD
Athletic Club KC Reserves batting - Pitching for Tortolita Drummers : RHP Michael Logan
Batting: RHB Máximo Padilla 0-0: Ball
1-0: Ball
2-0: Called Strike
2-1: Ball
3-1: Base on Balls
Batting: RHB Karl Stevens 0-0: Called Strike
0-1: Ball
1-1: Foul Ball, location: 2F
1-2: Foul Ball, location: 2F
1-2: Ground out 5-3 (Groundball, 5S)
Máximo Padilla to second
Batting: RHB Javier Díaz 0-0: Called Strike
0-1: Called Strike
0-2: Foul Ball, location: 2F
0-2: Strikes out swinging
Batting: LHB Eduardo López 0-0: Ball
1-0: Fly out, F8 (Flyball, 8LS)
Top of the 3rd over - 0 run(s), 0 hit(s), 0 error(s), 1 left on base; Athletic Club KC 4 - Tortolita 0
BOTTOM OF THE 3RD
Tortolita Drummers batting - Pitching for Athletic Club KC Reserves : RHP Norris Howard
Batting: LHB Vance Cannon 0-0: Called Strike
0-1: Foul Ball, location: 2F
0-2: Ball
1-2: Foul Ball, location: 2F
1-2: Ball
2-2: Ball
3-2: Base on Balls
Batting: LHB Raúl Andrade 0-0: Swinging Strike
0-1: Grounds into double play, U6-3 (Groundball, 6M)
Batting: LHB Gonzalo Féliz 0-0: Ball
1-0: Foul Ball, location: 2F
1-1: TRIPLE (Flyball, 78M)
Batting: SHB Will Brock 0-0: Called Strike
0-1: DOUBLE (Line Drive, 9D)
Gonzalo Féliz scores
Batting: RHB Jim Harris 0-0: Foul Ball, location: 2F
0-1: Fly out, F9 (Flyball, 89M)
Bottom of the 3rd over - 1 run(s), 2 hit(s), 0 error(s), 1 left on base; Athletic Club KC 4 - Tortolita 1
TOP OF THE 4TH
Athletic Club KC Reserves batting - Pitching for Tortolita Drummers : RHP Michael Logan
Batting: LHB Michael Landry 0-0: Foul Ball, location: 2F
0-1: Fly out, F9 (Flyball, 89S)
Batting: RHB Bill Dennis 0-0: Ball
1-0: Foul Ball, location: 2F
1-1: SINGLE (Line Drive, 7LS)
Batting: LHB Matt Hartnett 0-0: Called Strike
0-1: Foul Ball, location: 2F
0-2: Ball
Bill Dennis is caught stealing 2nd base
1-2: Ball
2-2: SINGLE (Groundball, 34S)
Batting: RHB Robert Hill 0-0: Ball
1-0: Swinging Strike
1-1: Ball
2-1: Fly out, F3 (Popup, 3L)
Top of the 4th over - 0 run(s), 2 hit(s), 0 error(s), 1 left on base; Athletic Club KC 4 - Tortolita 1
BOTTOM OF THE 4TH
Tortolita Drummers batting - Pitching for Athletic Club KC Reserves : RHP Norris Howard
Pitching: RHP Jesús Hernández
Batting: LHB Evan Nelson 0-0: Ball
1-0: Called Strike
1-1: Called Strike
1-2: Ball
2-2: Fly out, F5 (Popup, 56S)
Batting: LHB Keith Spear 0-0: Ball
1-0: Fly out, F9 (Flyball, 89D)
Batting: SHB Dan Godwin 0-0: Called Strike
0-1: Ball
1-1: Ball
2-1: Fly out, F8 (Flyball, 8RM)
Bottom of the 4th over - 0 run(s), 0 hit(s), 0 error(s), 0 left on base; Athletic Club KC 4 - Tortolita 1
TOP OF THE 5TH
Athletic Club KC Reserves batting - Pitching for Tortolita Drummers : RHP Michael Logan
Batting: RHB Glenn Woods 0-0: Called Strike
0-1: Ball
1-1: Ball
2-1: Called Strike
2-2: Foul Ball, location: 2F
2-2: Ball
3-2: Base on Balls
Batting: RHB Máximo Padilla 0-0: Sac Bunt - play at first, batter OUT! 1-3
Glenn Woods to second
Batting: RHB Karl Stevens 0-0: Called Strike
0-1: Ball
1-1: Ball
2-1: Ground out 6-3 (Groundball, 6M)
Glenn Woods to third
Batting: RHB Javier Díaz 0-0: Called Strike
0-1: Ball
1-1: Foul Ball, location: 2F
1-2: Fly out, F8 (Flyball, 8LM)
Top of the 5th over - 0 run(s), 0 hit(s), 0 error(s), 1 left on base; Athletic Club KC 4 - Tortolita 1
BOTTOM OF THE 5TH
Tortolita Drummers batting - Pitching for Athletic Club KC Reserves : RHP Jesús Hernández
Batting: LHB Adrián Franco 0-0: Called Strike
0-1: Fly out, F4 (Popup, 4M)
Batting: LHB Vance Cannon 0-0: Called Strike
0-1: Swinging Strike
0-2: Strikes out swinging
Batting: LHB Raúl Andrade 0-0: DOUBLE (Line Drive, 9LD)
Batting: LHB Gonzalo Féliz 0-0: Foul Ball, location: 2F
0-1: Ground out 6-3 (Groundball, 6MS)
Bottom of the 5th over - 0 run(s), 1 hit(s), 0 error(s), 1 left on base; Athletic Club KC 4 - Tortolita 1
TOP OF THE 6TH
Athletic Club KC Reserves batting - Pitching for Tortolita Drummers : RHP Michael Logan
Batting: LHB Eduardo López 0-0: Ball
1-0: Swinging Strike
1-1: Foul Ball, location: 2F
1-2: Ball
2-2: Fly out, F8 (Flyball, 8LM)
Batting: LHB Michael Landry 0-0: Ground out U3 (Groundball, 3)
Batting: RHB Bill Dennis 0-0: Called Strike
0-1: Ball
1-1: Called Strike
1-2: Foul Ball, location: 2F
1-2: Ball
2-2: Foul Ball, location: 2F
2-2: Ground out 4-3 (Groundball, 4)
Top of the 6th over - 0 run(s), 0 hit(s), 0 error(s), 0 left on base; Athletic Club KC 4 - Tortolita 1
BOTTOM OF THE 6TH
Tortolita Drummers batting - Pitching for Athletic Club KC Reserves : RHP Jesús Hernández
Batting: SHB Will Brock 0-0: Ball
1-0: Ball
2-0: Ball
3-0: Base on Balls
Batting: RHB Jim Harris 0-0: Ball
1-0: Sac Bunt - play at first, batter safe!
Will Brock to second
Pitching: RHP Jeremy Gutiérrez
Batting: LHB Evan Nelson 0-0: Foul Ball, location: 2F
0-1: Ball
1-1: Ball
2-1: Ball
3-1: Called Strike
3-2: Ground out 4-3 (Groundball, 4M)
Will Brock to third
Jim Harris to second
Batting: LHB Keith Spear 0-0: Called Strike
0-1: Ball
1-1: SINGLE (Groundball, 6MD)
Will Brock scores
Jim Harris to third
Runner from 3rd tries for Home, SAFE, no throw or cutoff
Batting: SHB Dan Godwin 0-0: SINGLE (Groundball, 34D)
Keith Spear to second
Runner from 2nd tries for 3rd, SAFE, throw made to third
Batting: LHB Adrián Franco 0-0: Foul Ball, location: 2F
0-1: Ball
1-1: Ball
2-1: Swinging Strike
2-2: Strikes out looking
Batting: LHB Vance Cannon 0-0: Swinging Strike
0-1: Ball
1-1: Ball
2-1: Called Strike
2-2: Ball
3-2: Ground out 6-3 (Groundball, 6)
Bottom of the 6th over - 2 run(s), 3 hit(s), 0 error(s), 2 left on base; Athletic Club KC 4 - Tortolita 3
TOP OF THE 7TH
Athletic Club KC Reserves batting - Pitching for Tortolita Drummers : RHP Michael Logan
Batting: LHB Matt Hartnett 0-0: Called Strike
0-1: Ball
1-1: Ball
2-1: Ball
3-1: Ground out 6-3 (Groundball, 6M)
Pitching: RHP Hänsel Freeh
Batting: RHB Robert Hill 0-0: Called Strike
0-1: Called Strike
0-2: Foul Ball, location: 2F
0-2: Strikes out swinging
Batting: RHB Glenn Woods 0-0: Ball
1-0: Ground out 6-3 (Groundball, 6)
Top of the 7th over - 0 run(s), 0 hit(s), 0 error(s), 0 left on base; Athletic Club KC 4 - Tortolita 3
BOTTOM OF THE 7TH
Tortolita Drummers batting - Pitching for Athletic Club KC Reserves : RHP Jeremy Gutiérrez
Batting: LHB Raúl Andrade 0-0: Foul Ball, location: 2F
0-1: Foul Ball, location: 2F
0-2: Ground out 4-3 (Groundball, 4)
Batting: LHB Gonzalo Féliz 0-0: Ball
1-0: DOUBLE (Line Drive, 78M)
Batting: SHB Will Brock 0-0: Called Strike
0-1: Ball
1-1: Swinging Strike
1-2: Foul Ball, location: 2F
1-2: Foul Ball, location: 2F
1-2: Ground out 4-3 (Groundball, 4)
Gonzalo Féliz to third
Batting: RHB Jim Harris 0-0: Foul Ball, location: 2F
0-1: Ball
1-1: Fly out, F3 (Popup, 23F)
Bottom of the 7th over - 0 run(s), 1 hit(s), 0 error(s), 1 left on base; Athletic Club KC 4 - Tortolita 3
TOP OF THE 8TH
Athletic Club KC Reserves batting - Pitching for Tortolita Drummers : RHP Hänsel Freeh
Batting: RHB Máximo Padilla 0-0: Called Strike
0-1: Ball
1-1: Called Strike
1-2: Foul Ball, location: 2F
1-2: Foul Ball, location: 2F
1-2: Foul Ball, location: 2F
1-2: Fly out, F3 (Popup, 3F)
Batting: RHB Karl Stevens 0-0: Called Strike
0-1: Ball
1-1: SINGLE (Line Drive, 8LS)
Pinch Hitting: RHB José Rodríguez 0-0: Foul Ball, location: 2F
0-1: Called Strike
0-2: Foul Ball, location: 2F
0-2: Ball
1-2: Ball
2-2: Ball
3-2: Strikes out swinging
Pinch Hitting: LHB Thatcher Douglas 0-0: Ground out 4-3 (Groundball, 4)
Top of the 8th over - 0 run(s), 1 hit(s), 0 error(s), 1 left on base; Athletic Club KC 4 - Tortolita 3
BOTTOM OF THE 8TH
Tortolita Drummers batting - Pitching for Athletic Club KC Reserves : RHP Jeremy Gutiérrez
Pitching: RHP Alfonso Álvarez
Now at 1B: José Rodríguez
Now in CF: Thatcher Douglas
Batting: LHB Evan Nelson 0-0: Called Strike
0-1: Ground out 1-3 (Groundball, 13)
Pitching: RHP Eric Lang
Batting: LHB Keith Spear 0-0: Ball
1-0: Ball
2-0: Ground out 5-3 (Groundball, 56S)
Batting: SHB Dan Godwin 0-0: Ball
1-0: Ground out 6-3 (Groundball, 6M)
Bottom of the 8th over - 0 run(s), 0 hit(s), 0 error(s), 0 left on base; Athletic Club KC 4 - Tortolita 3
TOP OF THE 9TH
Athletic Club KC Reserves batting - Pitching for Tortolita Drummers : RHP Hänsel Freeh
Pitching: LHP Jason Horne
Batting: LHB Michael Landry 0-0: Swinging Strike
0-1: Ball
1-1: Foul Ball, location: 2F
1-2: Strikes out swinging
Batting: RHB Bill Dennis 0-0: Called Strike
0-1: Ball
1-1: Foul Ball, location: 2F
1-2: Ball
2-2: Strikes out swinging
Batting: LHB Matt Hartnett 0-0: Ball
1-0: Ball
2-0: Called Strike
2-1: Foul Ball, location: 2F
2-2: Ball
3-2: Base on Balls
Batting: RHB Robert Hill 0-0: Called Strike
0-1: Ground out 4-3 (Groundball, 4)
Top of the 9th over - 0 run(s), 0 hit(s), 0 error(s), 1 left on base; Athletic Club KC 4 - Tortolita 3
BOTTOM OF THE 9TH
Tortolita Drummers batting - Pitching for Athletic Club KC Reserves : RHP Eric Lang
Pitching: LHP António Silva
Pinch Hitting: RHB Dan Lewis 0-0: Foul Ball, location: 2F
0-1: Foul Ball, location: 2F
0-2: Strikes out looking
Pinch Hitting: RHB Ignacio Rodríguez 0-0: Foul Ball, location: 2F
0-1: Ball
1-1: Ball
2-1: Swinging Strike
2-2: Ball
3-2: Strikes out swinging
Batting: LHB Raúl Andrade 0-0: Ball
1-0: Ball
2-0: Called Strike
2-1: Foul Ball, location: 2F
2-2: Strikes out swinging
Bottom of the 9th over - 0 run(s), 0 hit(s), 0 error(s), 0 left on base; Athletic Club KC 4 - Tortolita 3
This league is powered by Out of the Park Baseball, the baseball management simulation game for PC, Mac and Linux
Friday, July 8th, 2016 - OOTP Baseball 16.9 Build 39